 Dungeon Crawl Stone Soup version 0.26-a0-599-gc8f6553 (webtiles) character file.

Game seed: 7156897397229025417

3437 pkoi the Cleaver (level 9, -3/78 HPs)
             Began as a Minotaur Monk on Aug 30, 2020.
             Was an Elder of Okawaru.
             Slain by Harold
             ... wielding a +3 vorpal war axe
              (11 damage)
             ... on level 8 of the Dungeon.
             The game lasted 00:09:08 (9216 turns).

pkoi the Cleaver (Minotaur Monk)                    Turns: 9216, Time: 00:09:09

Health: -3/78      AC: 14    Str: 18    XL:     9   Next: 77%
Magic:  0/11       EV: 11    Int:  7    God:    Okawaru [****..]
Gold:   470        SH:  0    Dex: 14    Spells: 8/8 levels left

rFire    . . .     SeeInvis .   m - +0 war axe
rCold    . . .     Faith    .   (no shield)
rNeg     . . .     Spirit   +   r - +0 plate armour (curse)
rPois    +         Reflect  .   (helmet restricted)
rElec    .         Harm     .   (no cloak)
rCorr    .                      (no gloves)
MR       .....                  (no boots)
Stlth    ..........             a - amulet of guardian spirit
HPRegen  0.23/turn              h - ring of poison resistance
MPRegen  0.12/turn              (no ring)

@: heroism, marked
A: retaliatory headbutt, horns 2
a: Heroism, Renounce Religion


You were on level 8 of the Dungeon.
You worshipped Okawaru.
Okawaru was greatly pleased with you.
You visited 2 branches of the dungeon, and saw 10 of its levels.

You collected 470 gold pieces.

Inventory:

Hand Weapons
 m - a +0 war axe (weapon)
Missiles
 t - 4 curare-tipped darts (quivered)
Armour
 r - a cursed +0 plate armour (worn)
Jewellery
 a - an amulet of guardian spirit (around neck)
 h - a ring of poison resistance (left hand)
Wands
 n - a wand of iceblast (13)
 p - a wand of disintegration (26)
Scrolls
 c - a scroll of magic mapping {unknown}
 e - 6 scrolls of identify {unknown}
 g - a scroll of immolation {unknown}
 j - 3 scrolls of teleportation {unknown}
 l - 12 scrolls of remove curse {unknown}
 o - a scroll of amnesia {unknown}
 v - a scroll of fear {unknown}
 x - 2 scrolls of random uselessness {unknown}
 y - a scroll of blinking {unknown}
Potions
 b - 3 potions of heal wounds {unknown}
 d - a potion of flight {unknown}
 f - 2 potions of might {unknown}
 i - 2 potions of curing {unknown}
 k - 3 potions of degeneration {unknown}
 q - a potion of brilliance {unknown}
 s - a potion of invisibility {unknown}
 u - a potion of haste {unknown}


   Skills:
 + Level 6.8(11.8) Fighting
 + Level 12.3(17.3) Axes
 + Level 5.4(10.4) Armour
 + Level 6.1(11.1) Dodging
 - Level 1.5(6.5) Stealth
 + Level 4.6 Invocations


You had 8 spell levels left.
You didn't know any spells.
Your spell library contained the following spells:

 Spells                   Type           Power        Failure   Level
 Shock                    Conj/Air       #...         100%        1
 Swiftness                Air            #.......     100%        2
 Confusing Touch          Hex            #.......     100%        3
 Gell's Gravitas          Tloc           #.........   100%        3
 Static Discharge         Conj/Air       #.......     100%        3
 Airstrike                Air            #.........   100%        4
 Petrify                  Tmut/Erth      #.......     100%        4
 Lightning Bolt           Conj/Air       #.........   100%        5
 Metabolic Englaciation   Hex/Ice        #.........   100%        5
 Yara's Violent Unravell  Hex/Tmut       #.........   100%        5


Dungeon Overview and Level Annotations

Branches:
Dungeon (9/15)             Temple (1/1) D:5
   Lair: D:8-11         Orc: D:9-12

Altars:
Ashenzari
Cheibriados
Dithmenos
Elyvilon
Gozag
Hepliaklqana
Kikubaaqudgha
Makhleb
Nemelex Xobeh
Okawaru
Qazlal
Ru
Trog
Uskayaw
Vehumet
Wu Jian
Xom
Yredelemnul
The Shining One

Shops:
D:6 *   D:8 [

Annotations:
D:8 Harold
D:9 Maurice


Innate Abilities, Weirdness & Mutations

You reflexively headbutt those who attack you in melee.
You have a pair of horns on your head.


Message History

Harold is heavily wounded.
The sky beast flickers out of sight!
Deactivating autopickup; reactivate with Ctrl-A.
Harold hits you with a +3 vorpal war axe.
* * * LOW HITPOINT WARNING * * *
x2 You barely miss Harold.
You headbutt Harold!
Harold is severely wounded.
Unknown command.
You hit Harold but do no damage. You headbutt Harold!
Harold is severely wounded.
Harold hits you with a +3 vorpal war axe!
* * * LOW HITPOINT WARNING * * *
x2 Unknown command.
You hit Harold but do no damage. Your headbutt misses Harold.
Harold is severely wounded.
Unknown command.
You slash Harold!
Harold is almost dead.
Harold hits you with a +3 vorpal war axe!
You die...

.......... ...#<##.#
.......... ###.#.##.####
#...#####. ##....)#.....##
##.## ##.............## ###
#...............#
##...............#
#................#
#................#
#.@..............#
#@#†.)..........## ######+####
###{##).[..#.....##
).........###..T..############
)(.((.....##.......##
....(...............#
######Y####........>#
##...##..>...)...#
##.....##..y......#


You could see Harold and a troll.

Vanquished Creatures
  Grinder (D:5)
  A hippogriff (D:7)
  Sigmund (D:3)
  A sky beast (D:5)
  3 ice beasts
  3 orc warriors
  A black bear (D:7)
  2 ogres (D:4)
  2 centaurs
  3 bullfrogs
  A big kobold (D:8)
  A wyvern skeleton (D:7)
  4 killer bees
  9 wights (D:6)
  A bullfrog zombie (D:8)
  A quasit (D:8)
  2 hounds (D:5)
  3 orc priests
  2 bullfrog skeletons
  3 jellies
  A gnoll shaman (D:4)
  An iguana (D:7)
  6 orc wizards
  2 worker ants
  6 adders
  11 gnolls
  A howler monkey skeleton (D:7)
  2 shadow imps
  A white imp (D:4)
  2 oozes
  2 ufetubi
  4 worms
  2 dart slugs (D:1)
  6 leopard geckos
  27 orcs
  7 bats
  3 giant cockroaches (D:1)
  7 goblins
  3 hobgoblins
  7 jackals
  A quokka (D:2)
  2 ball python skeletons (D:5)
  3 frilled lizards
  A jackal skeleton (D:8)
  10 kobolds
  13 rats
176 creatures vanquished.

Notes
Turn   | Place    | Note
-------+----------+-------------------------------------------
     0 | D:1      | pkoi the Minotaur Monk began the quest for the Orb.
     0 | D:1      | Reached XP level 1. HP: 19/19 MP: 0/0
    70 | D:1      | Reached skill level 4 in Axes
   143 | D:1      | Reached XP level 2. HP: 24/26 MP: 1/1
   315 | D:1      | Found a glowing golden altar of the Shining One.
   317 | D:1      | Found a shadowy altar of Dithmenos.
   317 | D:1      | Found a glowing golden altar of the Shining One.
   319 | D:1      | Found a shimmering altar of Xom.
   319 | D:1      | Found a hazy altar of Hepliaklqana.
   319 | D:1      | Found an ornate altar of the Wu Jian Council.
   528 | D:1      | Reached skill level 5 in Axes
   548 | D:1      | Reached XP level 3. HP: 30/31 MP: 2/2
  1875 | D:3      | HP: 1/31 [something (2)]
  1876 | D:3      | Reached skill level 6 in Axes
  1876 | D:3      | Reached XP level 4. HP: 1/39 MP: 3/3
  2184 | D:3      | Found a faded altar of an unknown god.
  2239 | D:3      | Noticed Sigmund
  2262 | D:3      | Killed Sigmund
  2262 | D:3      | Reached skill level 8 in Axes
  2262 | D:3      | Reached XP level 5. HP: 16/45 MP: 1/4
  2619 | D:3      | Reached XP level 6. HP: 51/51 MP: 5/5
  2772 | D:3      | Noticed a moth of wrath
  2774 | D:3      | Found a bloodstained altar of Trog.
  2930 | D:4      | Found the +8 demon blade "Leech" {vamp, *Rage +Rage rN+}
  3124 | D:4      | Reached skill level 9 in Axes
  3174 | D:4      | You fall into a shaft and drop 2 floors!
  3192 | D:6      | Found Iaoviuffu's Incredible Inventory.
  3289 | D:5      | Entered Level 5 of the Dungeon
  3291 | D:5      | Noticed an ice beast
  3332 | D:5      | Killed an ice beast
  3332 | D:5      | Reached XP level 7. HP: 23/57 MP: 3/6
  3353 | D:5      | Reached skill level 10 in Axes
  3544 | D:5      | Found a sparkling altar of Nemelex Xobeh.
  3786 | D:5      | Found an ornate altar of the Wu Jian Council.
  3832 | D:5      | Reached skill level 11 in Axes
  3871 | D:5      | Found a staircase to the Ecumenical Temple.
  3878 | Temple   | Entered the Ecumenical Temple
  4025 | Temple   | Became a worshipper of Warmaster Okawaru
  4025 | Temple   | Reached * piety under Okawaru
  4025 | Temple   | Reached ** piety under Okawaru
  4082 | D:5      | Noticed Grinder
  4101 | D:5      | Killed Grinder
  4101 | D:5      | Reached skill level 1 in Armour
  4101 | D:5      | Reached skill level 1 in Invocations
  4101 | D:5      | Reached XP level 8. HP: 14/66 MP: 1/8
  4400 | D:5      | Found a shattered altar of Ashenzari.
  5838 | D:6      | Reached skill level 5 in Fighting
  6138 | D:6      | Reached *** piety under Okawaru
  6380 | D:6      | Noticed an air elemental
  6382 | D:6      | Found a stormy altar of Qazlal.
  6460 | D:6      | Reached XP level 9. HP: 37/74 MP: 4/10
  6999 | D:7      | Reached skill level 5 in Dodging
  7434 | D:7      | Reached skill level 12 in Axes
  8252 | D:8      | Found Xomnouwn's Antique Armour Boutique.
  8395 | D:8      | Reached **** piety under Okawaru
  8418 | D:8      | Reached skill level 5 in Armour
  8695 | D:8      | Noticed Harold
  8960 | D:9      | Noticed Maurice
  8960 | D:9      | Noticed a troll
  8962 | D:9      | Paralysed by something for 7 turns
  9216 | D:8      | Slain by Harold

Illustrated notes

Levels and vault maps discovered:
D:1:      minmay_arrival_widening_spiral_wide, layout_basic, st_stairs_10,
          minivault_11, doesnt_xom_only_xom
D:2:      layout_basic
D:3:      layout_rooms, tgw_trog, chequers_ecumenical_altar_simple, uniq_sigmund
D:4:      layout_gridville
D:5:      minmay_general_purpose_star, layout_basic,
          nicolae_overflow_crystal_walls, lemuel_round_altar,
          minmay_temple_entry_gardened_gates, lemuel_altar_in_water,
          uniq_grinder
D:6:      layout_basic, nicolae_alphabet_shops, nicolae_qazlal_style_of_elements
D:7:      layout_cave_pods
D:8:      kennysheep_six_static_rooms, layout_rooms, marbit_many_paths,
          serial_shops, nicolae_shop_waterfront, uniq_harold
D:9:      layout_basic, gammafunk_temple_overflow_wave,
          gammafunk_ghost_mausoleum, uniq_maurice
Temple:   eino_temple_scatter_basement

Skill      XL: |  1  2  3  4  5  6  7  8  9 |
---------------+----------------------------+-----
Axes           | 4 5 6 8 9 11 12 | 12.3
Fighting       | 4 5 6 |  6.8
Armour         | 1 3 5 |  5.4
Invocations    | 1 3 4 |  4.6
Dodging        | 4 6 |  6.1
Stealth        | |  1.5

Action                   |  1- 3 |  4- 6 |  7- 9 || total
-------------------------+-------+-------+-------++-------
Melee: Hand axe          |    92 |     4 |       ||    96
       Headbutt          |    11 |    16 |    61 ||    88
       War axe           |       |    79 |   316 ||   395
Invok: Heroism           |       |       |     1 ||     1
  Use: Potion            |       |       |     1 ||     1
 Stab: Sleeping          |     2 |       |       ||     2
Armor: Robe              |    14 |     3 |     2 ||    19
       Plate armour      |       |       |   238 ||   238
Dodge: Dodged            |    76 |    53 |   154 ||   283

Table legend: (Time is in decaauts)
 A = Elapsed time spent in this place.
 B = Non-inter-level travel time spent in this place.
 C = Inter-level travel time spent in this place.
 D = Time resting spent in this place.
 E = Time spent auto-exploring this place.
 F = Levels seen in this place.
 G = Mean time per level.
                   A        B        C        D        E       F      G
               +--------+--------+--------+--------+--------+-----+--------+
         Total |   9205 |   8963 |    242 |   3463 |   4082 |  10 |  920.5 |
       Dungeon |   9039 |   8826 |    213 |   3463 |   3956 |   9 | 1004.3 |
        Temple |    165 |    136 |     29 |      0 |    126 |   1 |  165.0 |
               +--------+--------+--------+--------+--------+-----+--------+

Top non-repeatable levels by time:
     D:5: 1564 daAuts
     D:7: 1489 daAuts
     D:6: 1238 daAuts
     D:4: 1094 daAuts
     D:2: 1081 daAuts
     D:1: 958 daAuts
     D:3: 843 daAuts
     D:8: 512 daAuts
     D:9: 256 daAuts
  Temple: 165 daAuts
